 Dungeon Crawl Stone Soup version 0.16-a0-253-g996e5b4 (webtiles) character file.

695939 MrRokkomies the Conqueror (level 27, -6/241 (245) HPs)
             Began as a Minotaur Fighter on Aug 16, 2014.
             Was the Champion of Qazlal.
             Mangled by an Orb Guardian (24 damage)
             ... on Level 5 of the Realm of Zot on Aug 23, 2014.
             The game lasted 07:39:35 (85021 turns).

MrRokkomies the Conqueror (Minotaur Fighter)       Turns: 85021, Time: 07:39:36

HP  -6/241 (245) AC 49     Str 24      XL: 27
MP  37/40        EV 16     Int 13      God: Qazlal [******]
Gold 2138        SH  8     Dex 18      Spells:  5 memorised, 14 levels left

rFire  + + .     SeeInvis .     j - lantern of shadows
rCold  + . .     Clarity  .     u - +7 crystal plate armour
rNeg   . . .     rCorr    +     (no shield)
rPois  +         rRot     .     m - +2 hat {Int+3}
rElec  +         Spirit   .     o - +2 cloak {rPois}
SustAb .         Warding  .     J - +2 pair of gloves {archery}
rMut   +         Stasis   .     A - +1 pair of boots
Gourm  .                        C - amulet of resist mutation
MR     +++..                    K - ring "Jiehohyw" {MR+ Dex+3 Slay+5}
                                l - ring "Uriy" {rPois rF+}

@: resistant, protected from physical damage, very slightly contaminated,
hasted, repel missiles, very quick, extremely resistant to hostile enchantments,
extremely unstealthy
A: retaliatory headbutt, horns 2, frail 1
a: Upheaval, Elemental Force, Disaster Area, Renounce Religion
}: 4/15 runes: decaying, slimy, silver, gossamer


You were on level 5 of the Realm of Zot.
You worshipped Qazlal.
Qazlal was exalted by your worship.
You were not hungry.

You visited 13 branches of the dungeon, and saw 66 of its levels.
You visited the Abyss 3 times.
You also visited: Trove, Ice Cave, Volcano and Wizlab.

You collected 9140 gold pieces.
You spent 7002 gold pieces at shops.

Inventory:

Hand weapons
 a - a +9 executioner's axe of flaming
 b - a +2 triple crossbow of velocity
 I - a +3 battleaxe of freezing
Missiles
 k - 55 silver bolts
 p - 501 bolts
 s - 86 bolts of frost
 E - 87 bolts of flame
 S - 50 bolts of penetration
Armour
 m - a +2 hat of intelligence (worn)
 o - a +2 cloak of poison resistance (worn)
 u - a +7 crystal plate armour (worn)
 A - a +1 pair of boots (worn)
 J - a +2 pair of gloves of archery (worn)
Magical devices
 H - a wand of disintegration (4)
 Q - a wand of digging (10)
 W - a wand of heal wounds (0)
Comestibles
 d - 25 bread rations
 f - 14 meat rations
 O - 7 fruits
Scrolls
 n - 10 scrolls of remove curse
 v - 17 scrolls of fog
 z - 3 scrolls of vulnerability
 T - 5 scrolls of magic mapping
 V - 21 scrolls of identify
Jewellery
 c - the ring of the Lily {+Blink rPois Dex+3 SInv Stlth-}
   (You found it on level 1 of the Lair of Beasts)

   [ring of loudness]

   It affects your dexterity (+3).
   It protects you from poison.
   It enhances your eyesight.
   It lets you blink.
   It makes you less stealthy.
 e - an uncursed amulet of warding
 g - an uncursed amulet of stasis
 l - the ring "Uriy" (left hand) {rPois rF+}
   (You bought it in a shop on level 4 of the Orcish Mines)

   [ring of poison resistance]

   It protects you from fire.
   It protects you from poison.
 q - the ring of Shadows {Umbra +Inv rN+ SInv}
   (You took it off a draconian annihilator on level 1 of the Realm of Zot)

   [ring of invisibility]

   It protects you from negative energy.
   It enhances your eyesight.
   It lets you turn invisible.
 t - the ring of the Tarantula {rElec rPois rF- rN+ Str+3 Slay+3}
   (You found it on level 6 of the Pits of Slime)

   [ring of positive energy]

   It affects your strength (+3).
   It affects your accuracy and damage with ranged weapons and melee attacks
   (+3).
   It makes you vulnerable to fire.
   It insulates you from electricity.
   It protects you from poison.
   It protects you from negative energy.
 w - an uncursed ring of protection from magic
 B - an uncursed amulet of resist corrosion
 C - an amulet of resist mutation (around neck)
 G - an uncursed ring of protection from cold
 K - the ring "Jiehohyw" (right hand) {MR+ Dex+3 Slay+5}
   (You took it off a deep elf summoner on level 3 of the Elven Halls)

   [ring of protection from magic]

   It affects your dexterity (+3).
   It affects your accuracy and damage with ranged weapons and melee attacks
   (+5).
   It affects your resistance to hostile enchantments.
 P - an uncursed ring of teleport control
 Y - an uncursed ring of flight
Potions
 r - 21 potions of curing
 D - 6 potions of might
 L - 2 potions of restore abilities
 N - 8 potions of agility
 X - a potion of cancellation
Miscellaneous
 j - a lantern of shadows (in hand)
 y - a lamp of fire
 U - a fan of gales
Rods
 i - a +5 lightning rod (0/14)
   (You acquired it on level 2 of the Vaults)
 x - a +1 rod of clouds (12/12)
   (You found it on level 2 of the Depths)
 F - a +5 rod of inaccuracy (12/12)
   (You took it off an ironbrand convoker on level 5 of the Vaults)


   Skills:
 O Level 27 Fighting
 - Level 26.2 Axes
 - Level 20.0 Crossbows
 * Level 19.5 Armour
 * Level 19.8 Dodging
   Level 3.6 Shields
 - Level 20.4 Invocations
 - Level 16.0 Evocations


You had 14 spell levels left.
You knew the following spells:

 Your Spells              Type           Power        Failure   Level  Hunger
a - Abjuration            Summ           #.........   100%        3    ####...
b - Song of Slaying       Chrm           #.......     100%        2    ###....
c - Spectral Weapon       Hex/Chrm       #.......     100%        3    ####...
d - Regeneration          Chrm/Necr      #.........   100%        3    ####...
e - Animate Skeleton      Necr           N/A          100%        1    ##.....


Dungeon Overview and Level Annotations

Branches:
Dungeon (15/15)            Temple (1/1) D:7             Orc (4/4) D:12
    Elf (3/3) Orc:4          Lair (8/8) D:9           Swamp (5/5) Lair:5
 Spider (5/5) Lair:5        Slime (6/6) Lair:8       Vaults (5/5) D:14
  Crypt (3/3) Vaults:3       Tomb (0/3) Crypt:3      Depths (5/5) D:15
   Hell (1/1)                 Zot (5/5) Depths:5
    Dis: Hell:1         Geh: Hell:1         Coc: Hell:1         Tar: Hell:1

Altars:
Ashenzari
Cheibriados
Dithmenos
Elyvilon
Fedhas
Gozag
Kikubaaqudgha
Makhleb
Nemelex Xobeh
Okawaru
Qazlal
Sif Muna
Trog
Vehumet
Xom
Yredelemnul
Zin
The Shining One
Beogh
Jiyva

Shops:
D:9 [   D:13 }   Orc:4 ?[[=   Elf:1 :   Vaults:1 [   Vaults:2 =*=(   Vaults:3 ?
Depths:5 }

Portals:
Hell: Lair:8 Depths:1 Depths:2 Depths:3 Depths:4 Depths:5
Abyss: Depths:1 Depths:2 Depths:4 Depths:5
Pandemonium: Depths:1 Depths:3 Depths:5
Ziggurat: Depths:4

Annotations:
Swamp:3 Mara
Spider:2 exclusion: Roxanne, Roxanne
Crypt:1 exclusion: curse skull
Crypt:3 exclusion: 2 curse skulls


Innate Abilities, Weirdness & Mutations

You reflexively headbutt those who attack you in melee.
You have a pair of horns on your head.
You are frail (-10% HP).


Message History

Read which item? (? for menu, Esc to quit)
Okay, then.
Evoke which item? (* to show all) (? for menu, Esc to quit)
Okay, then.
Drink which item? (? for menu, Esc to quit)
Okay, then.
Wield which item (- for none, * to show all)? (? for menu, Esc to quit)
The area is filled with flickering shadows.
j - a lantern of shadows (in hand)
You found a spear trap!
You found a needle trap!
The Killer Klown blinks!
The moth of wrath bites you but does no damage.
The ancient lich gestures wildly while chanting.
The ancient lich seems to speed up.
The moth of wrath barely misses you. You furiously retaliate!
You headbutt the moth of wrath!!
The moth of wrath goads the Orb Guardian on!
The Orb Guardian goes berserk!
An orb of fire comes into view.
The Killer Klown blinks!
The Orb Guardian hits you!!
You die...

,,,,,,,.........▓▓
,,,,,,,8.........▓▓
,,,,,,,...........▓
,,,,,,.........§§.▓
,,,,,,......^.D..▓*
,,,,,,......*..§▓▓
,,,,,,,..*§.*y.▓▓
,,,,,,,....L.*.X▓▓
,,,,,,,.......§§@▓*
,,,,,,,,......§...▓
,,,,,,,,,...§.^...▓
,,,,,,,,,,.......▓▓
,,,,,,,,,,,,....▓▓
,,,,,,,,,,,,,..▓▓
*********,,,,,**
,,,,,,,,,,,,,,,**
,,,,,,,,,,,,,,,,**


You could see 3 orbs of fire, an ancient lich, an Orb Guardian (berserk) and a
moth of wrath.

Vanquished Creatures
  the royal jelly (Slime:6)
  7 ancient liches
  Saint Roka (Depths:4)
  A curse toe (Zot:3)
  Norris (Vaults:2)
  A Killer Klown (Zot:4)
  Geryon (Hell)
  15 golden dragons
  3 bone dragons
  Nikola (Spider:1)
  A hellephant (Hell)
  7 liches
  18 tentacled monstrosities
  8 Orb Guardians (Zot:5)
  2 titans (Vaults:5)
  16 acid blobs
  A deep elf blademaster (Elf:3)
  2 quicksilver dragons (Vaults:4)
  2 deep elf master archers (Elf:3)
  3 sphinxes
  18 storm dragons
  5 octopode crushers
  7 tentacled starspawn (Abyss:1)
  4 thorn hunters
  Agnes (Vaults:1)
  10 shadow dragons
  Frances (Swamp:3)
  Kirke (Spider:4)
  4 ancient champions
  4 draconian monks
  2 revenants
  12 tengu reavers
  Donald (Elf:2)
  10 fire giants
  12 deep elf sorcerers
  A draconian scorcher (Zot:2)
  10 frost giants
  17 azure jellies
  A balrug (Abyss:1)
  2 iron dragons
  Aizul (Swamp:3)
  Louise (Spider:1)
  5 ghost moths
  17 vault wardens
  7 emperor scorpions
  6 draconian zealots
  Gastronok (D:12)
  7 draconian knights
  4 draconian annihilators
  A ghoul (Crypt:3)
  4 war gargoyles
  18 very ugly things
  3 spriggan defenders (Depths:5)
  20 stone giants
  4 draconian shifters
  7 deep elf demonologists
  12 reapers
  7 draconian callers
  6 grey draconians
  2 vampire knights
  7 starcursed masses (Abyss:1)
  10 green draconians
  11 purple draconians
  2 salamander firebrands (Hell)
  2 lorocyprocas (Depths:1)
  3 pale draconians
  9 yellow draconians
  10 deep elf annihilators
  8 mottled draconians
  6 black draconians
  6 red draconians
  7 dire elephants
  9 white draconians
  9 eidola (Crypt:3)
  7 deep elf death magi
  A green death (Hell)
  10 ettins
  31 vault guards
  A mummy priest (Crypt:3)
  7 death oozes (Slime:6)
  2 quicksilver dragon zombies (Crypt:3)
  Josephine (D:14)
  6 rakshasas
  6 minotaurs
  13 yaktaur captains
  23 fire dragons
  7 jiangshi
  14 great orbs of eyes
  14 ironheart preservers
  4 deep elf high priests
  6 death cobs
  Fannar (D:12)
  20 ice dragons
  Harold (D:14)
  3 ghost crabs
  16 hydras
  2 quicksilver dragon skeletons (Crypt:3)
  8 shambling mangroves
  5 alligators
  5 spriggan air magi
  A ravenous item mimic (Elf:3)
  Erica (Lair:8)
  11 centaur warriors
  3 dancing weapons
  3 deep troll earth magi
  2 vampire magi
  4 tengu warriors
  2 satyrs (WizLab)
  A spectral stone giant (Crypt:3)
  8 death yaks
  17 ogre magi
  4 death knights
  4 orc high priests
  8 spriggan berserkers
  A titan zombie (Crypt:3)
  4 hell hogs
  A thrashing horror (Abyss:1)
  Urug (Orc:4)
  4 sun demons
  11 soul eaters
  2 storm dragon zombies (Crypt:3)
  2 catoblepae
  2 iron golems (Depths:1)
  A spectral dire elephant (Crypt:3)
  Nergalle (Lair:6)
  Erolcha (D:8)
  10 deep elf knights
  2 wretched stars (Abyss:1)
  A quicksilver dragon simulacrum (Crypt:2)
  14 deep troll shamans
  6 iron trolls
  A fire crab (Vaults:4)
  32 hell knights
  28 skeletal warriors
  4 shadow wraiths
  2 storm dragon skeletons
  8 flayed ghosts
  2 titan skeletons
  2 anaconda zombies
  7 large abominations
  2 ice devils
  13 deep elf summoners
  18 orb spiders
  6 unseen horrors
  9 wizards
  4 death drakes
  2 spriggan druids (Swamp:5)
  3 giant orange brains
  An unseen horror (shapeshifter) (Vaults:3)
  A ghost moth zombie (Crypt:3)
  A shadow demon (Depths:5)
  25 deep trolls
  13 swamp dragons
  11 hill giants
  3 golden dragon skeletons
  An anaconda skeleton (Hell)
  16 deep elf conjurers
  32 wolf spiders
  A wolf spider (shapeshifter) (D:14)
  A harpy (shapeshifter) (Vaults:1)
  2 lindwurms
  A draconian zombie (Zot:1)
  A red wasp (shapeshifter) (Vaults:2)
  10 harpies
  16 orc knights
  4 iron dragon zombies
  6 griffons
  3 fauns (WizLab)
  9 orc sorcerers
  A lindwurm (shapeshifter) (Depths:4)
  32 ugly things
  A salamander (shapeshifter) (Vaults:4)
  19 ironbrand convokers
  A draconian (shapeshifter) (Vaults:1)
  A frost giant zombie (Crypt:3)
  A stone giant zombie (Vaults:5)
  2 octopodes (shapeshifter)
  8 red wasps
  A black mamba (shapeshifter) (Vaults:1)
  27 necromancers
  An elephant (shapeshifter) (D:12)
  5 manticores
  2 iron dragon skeletons
  10 cyclopes
  5 fire giant zombies
  19 phantasmal warriors
  2 stone giant skeletons
  A dire elephant zombie (Crypt:3)
  2 worldbinders (Abyss:1)
  7 black mambas
  2 mermaids (shapeshifter)
  A centaur zombie (D:14)
  35 moths of wrath
  5 shining eyes
  2 smoke demons (Abyss:1)
  2 fire giant skeletons
  A frost giant skeleton (Depths:3)
  3 torpor snails
  5 sixfirhies
  2 eyes of devastation (Slime:2)
  An item mimic (Lair:4)
  2 molten gargoyles (Volcano)
  A salamander skeleton (Hell)
  9 iron devils
  3 orange demons
  A guardian serpent (shapeshifter) (Vaults:4)
  19 spiny frogs
  15 vault sentinels
  A kobold demonologist (Vaults:1)
  An efreet (Abyss:1)
  An emperor scorpion zombie (Crypt:1)
  2 dire elephant skeletons
  A komodo dragon (shapeshifter) (Depths:5)
  2 elves (shapeshifter)
  A green draconian skeleton (Crypt:2)
  15 demonic crawlers
  A black draconian skeleton (Crypt:2)
  A red draconian skeleton (Crypt:1)
  2 tengu conjurers (Depths:1)
  17 deep elf priests
  64 yaktaurs
  15 hellwings
  2 yaktaur skeletons
  An ancient zyme (Abyss:1)
  4 wandering mushrooms (WizLab)
  9 fire drakes
  A guardian mummy (Crypt:3)
  A troll (shapeshifter) (Vaults:5)
  A grey draconian skeleton (Crypt:2)
  A wolf spider simulacrum (D:15)
  2 hell beasts (Hell)
  29 two-headed ogres
  16 komodo dragons
  4 blue devils (Lair:8)
  A wind drake (Zot:1)
  5 red devils
  2 hydra zombies (Hell)
  34 jumping spiders
  15 freezing wraiths
  A moth of wrath zombie (Zot:5)
  7 trolls
  A blink frog (shapeshifter) (Depths:1)
  70 slime creatures
  A tengu simulacrum (Vaults:3)
  A baby alligator (shapeshifter) (D:14)
  A fire dragon zombie (Depths:3)
  A harpy skeleton (Crypt:1)
  A hydra skeleton (Crypt:3)
  10 polar bears (IceCv)
  13 bog bodies
  19 ravens
  2 fire vortices (Zot:4)
  2 human skeletons (Vaults:5)
  13 blink frogs (Lair:8)
  3 raiju (Abyss:1)
  10 giant leeches
  6 boulder beetles
  3 basilisks
  4 baby alligators
  2 raiju (shapeshifter)
  A griffon zombie (D:14)
  A trapdoor spider (shapeshifter) (Vaults:4)
  10 shadows
  A catoblepas skeleton (Crypt:3)
  2 ice dragon zombies (Crypt:3)
  24 trapdoor spiders
  An ettin skeleton (Crypt:3)
  76 redbacks
  A griffon skeleton (D:14)
  6 air elementals
  A flying skull (Crypt:3)
  An ice dragon skeleton (D:13)
  29 deep elf magi
  5 wyverns
  4 ynoxinuls
  7 hogs
  A redback (shapeshifter) (Depths:1)
  A basilisk (shapeshifter) (Vaults:5)
  A frost giant simulacrum (Crypt:1)
  3 fire elementals
  38 tarantellas
  66 yaks
  3 fire bats
  A hill giant zombie (D:12)
  2 hungry ghosts
  9 spriggans
  A human (D:10)
  20 wraiths
  18 water elementals
  4 vampires
  Grum (D:8)
  A death yak simulacrum (Depths:1)
  30 deep elf fighters
  2 golden eyes (Slime:2)
  7 wargs
  4 neqoxecs
  A soldier ant (shapeshifter) (Vaults:5)
  A steam dragon (Lair:8)
  28 swamp worms
  8 hippogriffs
  38 vampire mosquitoes
  23 wolves
  A tengu zombie (D:10)
  8 chaos spawn
  Menkaure (D:4)
  5 hell hounds
  7 raven skeletons
  6 mottled dragons
  4 human zombies
  A deep troll skeleton (Vaults:5)
  A sky beast (shapeshifter) (Vaults:1)
  A monstrous demonspawn skeleton (Crypt:2)
  24 spiders
  15 ice beasts
  12 porcupines
  14 water moccasins
  2 soldier ants
  16 swamp drakes
  4 sky beasts
  65 ogres
  2 black bears
  2 phantoms
  A ghost crab zombie (Crypt:1)
  16 yellow wasps
  A swamp dragon zombie (Crypt:2)
  10 small abominations
  A deep troll simulacrum (Depths:1)
  5 boggarts (Depths:3)
  An alligator simulacrum (Hell)
  38 orc warriors
  2 manticore skeletons
  2 elf simulacra
  An ice dragon simulacrum (Crypt:2)
  23 crocodiles
  A swamp dragon skeleton (Crypt:1)
  A lindwurm skeleton (Crypt:1)
  38 centaurs
  A boring beetle (shapeshifter) (D:15)
  Sigmund (D:7)
  2 yaktaur zombies (Vaults:5)
  3 lost souls
  A salamander zombie (Crypt:1)
  14 giant frogs
  A big kobold (shapeshifter) (Vaults:2)
  Blork the orc (D:8)
  A brain worm (D:13)
  A wyvern zombie (D:14)
  A cyclops zombie (Crypt:1)
  A wyvern skeleton (D:8)
  14 insubstantial wisps
  2 earth elementals (WizLab)
  8 eyes of draining
  17 killer bees
  5 scorpions
  A spriggan zombie (Hell)
  A yak zombie (Crypt:2)
  A hippogriff skeleton (D:8)
  A hippogriff zombie (D:12)
  A troll zombie (D:10)
  A troll skeleton (D:14)
  A spriggan skeleton (Crypt:3)
  11 crimson imps
  A lava snake (Volcano)
  29 wights
  8 electric eels
  5 quasits
  3 goliath beetles
  2 human simulacra (Vaults:1)
  12 hounds
  A soldier ant zombie (D:6)
  15 worker ants
  3 elf zombies
  A black bear skeleton (D:6)
  8 iguanas
  2 giant frog zombies (D:10)
  22 orc priests
  2 centaur skeletons
  19 jellies
  2 giant frog skeletons
  27 orc wizards
  9 orange rats
  An iron imp (Abyss:1)
  17 sheep
  An ogre zombie (Orc:4)
  A kobold simulacrum (D:14)
  An ogre skeleton (Vaults:5)
  A dwarf skeleton (Crypt:2)
  A hound skeleton (D:6)
  4 mummies
  2 worker ant zombies
  26 adders
  8 gnolls
  75 green rats
  An orange rat skeleton (Crypt:2)
  9 orc zombies
  5 shadow imps
  A giant mite (D:6)
  A worm (shapeshifter) (Vaults:4)
  A goliath beetle zombie (D:6)
  A white imp (Depths:3)
  3 worms
  2 ufetubi
  2 giant eyeballs (Depths:1)
  An iguana skeleton (D:4)
  6 giant geckos
  3 oozes
  173 orcs
  12 bats
  24 goblins
  24 hobgoblins
  16 quokkas
  4 giant cockroaches
  5 giant newts
  3 giant spores
  16 kobolds
  A kobold skeleton (D:4)
  A kobold zombie (D:5)
  A lurking horror (Abyss:1)
  A quokka zombie (Crypt:1)
  23 rats
  A rat skeleton (D:8)
  3 ballistomycetes
  6 briar patches (Swamp:5)
  3 bushes
  11 crawling corpses
  48 fungi
  78 plants
  10 starspawn tentacles (Abyss:1)
  19 toadstools (WizLab)
3509 creatures vanquished.

Vanquished Creatures (collateral kills)
  A thorn hunter (Swamp:4)
  Snorg (Orc:2)
  A sun demon (Depths:1)
  A red wasp (Swamp:4)
  A slime creature (Slime:6)
  A water elemental (Orc:2)
  3 yaks (Lair:7)
  A swamp drake (Swamp:4)
  An orc priest (Orc:4)
11 creatures vanquished.

Vanquished Creatures (others)
  A golden dragon (Zot:3)
  A tengu reaver (Vaults:5)
  A draconian scorcher (Zot:3)
  A vault warden (Vaults:5)
  A deep elf high priest (Elf:3)
  An ice devil (Hell)
  A tengu zombie (Vaults:5)
  A necromancer (Vaults:3)
  2 wolf spiders
  A manticore (Depths:1)
  A shock serpent zombie (Hell)
  An iron devil (Hell)
  A demonic crawler (Spider:1)
  2 polar bears (IceCv)
  A wolf spider simulacrum (Hell)
  A deep elf mage (Elf:3)
  6 air elementals
  3 water elementals
  A fire elemental (Slime:6)
  A yak (IceCv)
  8 wolves (IceCv)
  3 ogres
  6 lost souls (Crypt:3)
  2 wights (D:14)
  A quasit (Abyss:1)
  An iron imp (Abyss:1)
  An orange rat (Hell)
  A giant eyeball (Depths:1)
  A crawling corpse (Vaults:5)
  11 plants
  16 starspawn tentacles (Abyss:1)
  75 starspawn tentacle segments (Abyss:1)
155 creatures vanquished.

Grand Total: 3675 creatures vanquished

Notes
Turn   | Place    | Note
--------------------------------------------------------------
     0 | D:1      | MrRokkomies, the Minotaur Fighter, began the quest for the Orb.
     0 | D:1      | Reached XP level 1. HP: 19/19 MP: 1/1
   107 | D:1      | Reached skill level 4 in Fighting
   113 | D:1      | Reached XP level 2. HP: 27/27 MP: 1/1
   551 | D:2      | Found a snail-covered altar of Cheibriados.
   591 | D:2      | Reached XP level 3. HP: 34/34 MP: 2/2
   954 | D:2      | Reached skill level 5 in Fighting
   957 | D:2      | Reached XP level 4. HP: 33/42 MP: 2/2
   994 | D:2      | Found a basalt altar of Yredelemnul.
   994 | D:2      | Found an opulent altar of Gozag.
   995 | D:2      | Found an ancient bone altar of Kikubaaqudgha.
  1029 | D:2      | Found an iron altar of Okawaru.
  1643 | D:3      | Reached XP level 5. HP: 49/49 MP: 2/2
  1663 | D:3      | Found a white marble altar of Elyvilon.
  1664 | D:3      | Found a glowing silver altar of Zin.
  1665 | D:3      | Found a glowing golden altar of the Shining One.
  2219 | D:3      | Found a shattered altar of Ashenzari.
  2248 | D:3      | Reached skill level 6 in Fighting
  2444 | D:4      | Reached skill level 5 in Axes
  2638 | D:4      | Got a dazzling whip
  2653 | D:4      | Identified the cursed +3 whip "Jeem" {flame, rPois} (You found it on level 4 of the Dungeon)
  2688 | D:4      | Noticed Menkaure
  2697 | D:4      | Killed Menkaure
  2697 | D:4      | Reached XP level 6. HP: 28/58 MP: 3/3
  2948 | D:4      | Noticed a sky beast
  2957 | D:4      | Killed a sky beast
  2957 | D:4      | Reached skill level 7 in Fighting
  2971 | D:4      | Reached XP level 7. HP: 55/66 MP: 3/3
  3221 | D:4      | Found a blossoming altar of Fedhas.
  3726 | D:5      | Entered Level 5 of the Dungeon
  4012 | D:5      | Reached skill level 8 in Fighting
  4383 | D:5      | Found a stormy altar of Qazlal.
  4662 | D:5      | Reached XP level 8. HP: 56/77 MP: 3/3
  4671 | D:5      | Reached skill level 9 in Fighting
  4908 | D:6      | Got a crystal spear
  4913 | D:6      | Identified the +6 spear of Yredelemnul's Hatred {freeze, +Inv MR++} (You found it on level 6 of the Dungeon)
  5205 | D:6      | Reached skill level 10 in Fighting
  6043 | D:7      | Found a staircase to the Ecumenical Temple.
  6061 | D:7      | Reached skill level 10 in Axes
  6061 | D:7      | Reached XP level 9. HP: 55/86 MP: 4/4
  6090 | Temple   | Entered the Ecumenical Temple
  6174 | Temple   | Became a worshipper of Qazlal Stormbringer
  6468 | D:7      | Reached skill level 11 in Fighting
  6935 | D:7      | Noticed Sigmund
  6941 | D:7      | Killed Sigmund
  7376 | D:8      | Noticed Blork the orc
  7384 | D:8      | Acquired Qazlal's first power
  7391 | D:8      | Killed Blork the orc
  7430 | D:8      | Reached skill level 12 in Fighting
  7534 | D:8      | Noticed Grum
  7548 | D:8      | Reached skill level 5 in Armour
  7556 | D:8      | Killed Grum
  7787 | D:8      | Noticed Erolcha
  7813 | D:8      | Killed Erolcha
  7813 | D:8      | Reached XP level 10. HP: 61/97 MP: 4/4
  7981 | D:8      | Got a smoking shield
  7993 | D:8      | Identified the cursed +3 shield of the Bulwark {Stlth++} (You found it on level 8 of the Dungeon)
  8787 | D:8      | Acquired Qazlal's second power
  8924 | D:9      | Killed an unseen horror
  8924 | D:9      | Reached skill level 13 in Axes
  9239 | D:9      | Found a staircase to the Lair.
  9439 | D:9      | Found Quagah's Armour Boutique.
  9519 | Lair:1   | Entered Level 1 of the Lair of Beasts
  9704 | Lair:1   | Reached XP level 11. HP: 64/104 MP: 4/4
  9743 | Lair:1   | Reached skill level 10 in Armour
  9761 | Lair:1   | Acquired Qazlal's third power
  9834 | Lair:1   | Reached skill level 1 in Invocations
  9902 | Lair:1   | Got a heavily runed granite ring
  9904 | Lair:1   | Identified the ring of the Lily {+Blink rPois Dex+3 SInv Stlth-} (You found it on level 1 of the Lair of Beasts)
 10267 | Lair:2   | Found a frozen archway.
 10287 | Lair:2   | Reached skill level 14 in Axes
 10358 | IceCv    | Entered an ice cave
 10664 | IceCv    | Reached skill level 5 in Invocations
 10666 | IceCv    | Noticed a death yak
 10696 | IceCv    | Acquired Qazlal's fourth power
 10715 | IceCv    | Killed a death yak
 11315 | IceCv    | Reached skill level 15 in Axes
 11518 | IceCv    | Reached skill level 1 in Evocations
 11784 | IceCv    | Reached XP level 12. HP: 46/112 MP: 18/18
 11810 | IceCv    | Noticed a frost giant
 12277 | IceCv    | Killed a frost giant
 12938 | Lair:2   | Reached skill level 5 in Evocations
 12966 | Lair:2   | Acquired Qazlal's fifth power
 13429 | Lair:3   | Found a dark tunnel.
 13436 | Volcano  | Entered a volcano
 13664 | Volcano  | Found a radiant altar of Vehumet.
 14554 | Lair:2   | Noticed a four-headed hydra
 14560 | Lair:2   | Killed a three-headed hydra
 14628 | D:9      | Bought the +1 plate armour "Thruul" {rElec rN+ Dex+3 Int+3} for 764 gold pieces
 15609 | Lair:5   | Found a hole to the Spider Nest.
 15876 | Lair:5   | Reached skill level 10 in Invocations
 16176 | Lair:5   | Noticed a six-headed hydra
 16182 | Lair:5   | Killed a five-headed hydra
 16273 | Lair:5   | Reached XP level 13. HP: 114/118 MP: 23/23
 16349 | Lair:5   | Found a staircase to the Swamp.
 16596 | Lair:6   | Found a snail-covered altar of Cheibriados.
 16725 | Lair:6   | Noticed Nergalle
 16733 | Lair:6   | Killed Nergalle
 17532 | Lair:7   | Reached skill level 10 in Evocations
 17809 | Lair:7   | Reached skill level 1 in Crossbows
 17919 | Lair:8   | Entered Level 8 of the Lair of Beasts
 17980 | Lair:8   | Noticed Erica
 17987 | Lair:8   | Killed Erica
 18259 | Lair:8   | Noticed an azure jelly
 18260 | Lair:8   | Noticed an azure jelly
 18260 | Lair:8   | Noticed an azure jelly
 18261 | Lair:8   | Found a staircase to the Slime Pits.
 18389 | Lair:8   | Reached skill level 5 in Crossbows
 18671 | Lair:8   | Noticed a dire elephant
 18679 | Lair:8   | Killed a dire elephant
 18717 | Lair:8   | Upgraded the game from 0.16-a0-148-g3b84123 to 0.16-a0-212-g3ed950e
 18938 | Lair:8   | Reached XP level 14. HP: 103/126 MP: 26/26
 19357 | Lair:8   | Found a burning altar of Makhleb.
 19876 | Lair:8   | Found a gateway to Hell.
 20236 | D:10     | Entered Level 10 of the Dungeon
 22348 | D:12     | Noticed Fannar
 22355 | D:12     | Killed Fannar
 22521 | D:12     | Noticed Gastronok
 22537 | D:12     | Killed Gastronok
 22594 | D:12     | Found a staircase to the Orcish Mines.
 22712 | Orc:1    | Entered Level 1 of the Orcish Mines
 22946 | Orc:3    | Noticed Snorg
 22960 | Orc:2    | Killed Snorg
 24341 | Orc:4    | Entered Level 4 of the Orcish Mines
 24356 | Orc:4    | Noticed Urug
 24536 | Orc:4    | Killed Urug
 24537 | Orc:4    | Found a staircase to the Elven Halls.
 24547 | Orc:4    | Upgraded the game from 0.16-a0-212-g3ed950e to 0.16-a0-223-g37887f7
 24570 | Orc:4    | Reached skill level 10 in Crossbows
 25089 | Orc:4    | Found a roughly hewn altar of Beogh.
 25737 | Orc:4    | Reached XP level 15. HP: 104/132 MP: 24/29
 26110 | Orc:4    | Found Yfoutoni's Jewellery Shop.
 26117 | Orc:4    | Found Mes Merch's Armour Shoppe.
 26117 | Orc:4    | Found Kacug's Magic Scroll Shoppe.
 26126 | Orc:4    | Bought the ring "Uriy" {rPois rF+} for 510 gold pieces
 26126 | Orc:4    | Bought the ring of Vitality {HP+15 Regen} for 555 gold pieces
 26132 | Orc:4    | Found Foskam's Armour Shop.
 26935 | D:13     | Found Khucoomi's Gadget Shoppe.
 26946 | D:13     | Bought a wand of heal wounds (5) for 702 gold pieces
 27046 | D:13     | Found a portal to a secret trove of treasure.
 27608 | D:13     | Reached skill level 15 in Invocations
 27726 | D:14     | Noticed Josephine
 27731 | D:14     | Killed Josephine
 28083 | D:14     | Found a gate to the Vaults.
 28096 | D:14     | Noticed Harold
 28128 | D:14     | Killed Harold
 28603 | D:15     | Entered Level 15 of the Dungeon
 28687 | D:15     | Identified a scroll of acquirement
 29000 | D:15     | Found a staircase to the Depths.
 29302 | D:15     | HP: 7/147 [wolf spider simulacrum (14)]
 30036 | Swamp:1  | Entered Level 1 of the Swamp
 30303 | Swamp:1  | Upgraded the game from 0.16-a0-223-g37887f7 to 0.16-a0-231-g3d5c238
 30652 | Swamp:1  | Got a dazzling scale mail
 30653 | Swamp:1  | Identified the +1 scale mail of Cowardice {rF+ Str-3} (You found it on level 1 of the Swamp)
 31413 | Swamp:2  | Reached skill level 16 in Axes
 31651 | Swamp:3  | Reached XP level 16. HP: 92/139 MP: 30/30
 31655 | Swamp:3  | Noticed Frances
 31670 | Swamp:3  | Killed Frances
 31921 | Swamp:3  | Noticed Aizul
 31942 | Swamp:3  | Killed Aizul
 32189 | Swamp:3  | Noticed Mara
 32197 | Swamp:3  | Noticed MrRokkomies' illusion
 32982 | Swamp:4  | Reached skill level 17 in Axes
 33439 | Swamp:5  | Entered Level 5 of the Swamp
 34384 | Swamp:5  | Reached skill level 18 in Axes
 34399 | Swamp:5  | Reached skill level 15 in Armour
 34414 | Swamp:5  | Got a decaying rune of Zot
 34640 | Swamp:5  | Reached skill level 1 in Dodging
 35117 | Spider:1 | Entered Level 1 of the Spider Nest
 35165 | Spider:1 | Noticed Nikola
 35373 | Spider:1 | Killed Nikola
 35380 | Spider:1 | Reached XP level 17. HP: 82/146 MP: 26/31
 35698 | Spider:1 | Noticed Louise
 35705 | Spider:1 | Cast into the Abyss (Louise)
 35706 | Abyss:1  | Upgraded the game from 0.16-a0-231-g3d5c238 to 0.16-a0-249-g5922f4d
 35706 | Abyss:1  | Found a corrupted altar of Lugonu.
 35979 | Abyss:1  | Reached skill level 5 in Dodging
 36009 | Abyss:1  | Got a sapphire-encrusted chain mail
 36073 | Abyss:1  | Identified the +7 chain mail "Mnaob" {+Fly rN+} (You found it on level 1 of the Abyss)
 36102 | Spider:1 | Escaped the Abyss
 36127 | Spider:1 | Killed Louise
 36941 | Spider:2 | Reached skill level 19 in Axes
 37323 | Spider:2 | Noticed Roxanne
 38965 | Spider:4 | Noticed Kirke
 38970 | Spider:4 | Killed Kirke
 40135 | Spider:5 | Entered Level 5 of the Spider Nest
 40174 | Spider:5 | Reached skill level 20 in Axes
 40586 | Spider:5 | Gained mutation: Your system is resistant to poisons. [potion of beneficial mutation]
 41199 | Spider:5 | Reached skill level 10 in Dodging
 41312 | Spider:5 | Reached XP level 18. HP: 154/154 MP: 32/32
 42214 | Spider:5 | Got a gossamer rune of Zot
 42886 | Vaults:1 | Entered Level 1 of the Vaults
 43033 | Vaults:1 | Reached skill level 21 in Axes
 43741 | Vaults:1 | Found Pegar's Antique Armour Shop.
 44210 | Vaults:1 | Noticed Agnes
 44217 | Vaults:1 | Killed Agnes
 44908 | Vaults:2 | Reached XP level 19. HP: 160/160 MP: 28/32
 44984 | Vaults:2 | Reached skill level 22 in Axes
 45201 | Vaults:2 | Found Cryn's Antique Weapon Emporium.
 45779 | Vaults:2 | Noticed Norris
 45788 | Vaults:2 | Killed Norris
 45960 | Vaults:2 | Found Muifoixzas' Jewellery Emporium.
 46027 | Vaults:2 | Found Chiuc's Jewellery Emporium.
 46071 | Vaults:2 | Found Plogobbu's Assorted Antiques.
 46081 | Vaults:2 | Bought a pair of glowing gloves for 148 gold pieces
 46081 | Vaults:2 | Bought a brass wand for 132 gold pieces
 46081 | Vaults:2 | Bought a twisted plate armour for 924 gold pieces
 46081 | Vaults:2 | Bought a short fluorescent wand for 132 gold pieces
 46094 | Vaults:2 | Identified the +9 plate armour of the Dolphin {+Inv Slay+4} (You bought it in a shop on level 2 of the Vaults)
 47185 | Vaults:3 | Reached skill level 15 in Dodging
 47232 | Vaults:3 | Found a magical portal.
 47246 | WizLab   | Entered Eringya's Formal Garden
 47444 | WizLab   | Identified Psoshat's Last Handbook of the Archmage
 47451 | WizLab   | Identified Sif Muna's Arcane Secrets of Rites and Rhymes (You found it in a wizard's laboratory)
 47516 | WizLab   | Reached skill level 23 in Axes
 47533 | WizLab   | Found a blossoming altar of Fedhas.
 47555 | WizLab   | Identified the Disquisition on Hurtful Malediction (You found it in a wizard's laboratory)
 47569 | WizLab   | Identified Vehumet's Collected Works on Cankerous Attacks
 48109 | Vaults:3 | Found Xaikkill's Magic Scroll Boutique.
 48130 | Vaults:3 | Bought a scroll of enchant weapon for 135 gold pieces
 48130 | Vaults:3 | Bought a scroll of identify for 36 gold pieces
 48130 | Vaults:3 | Bought a scroll of identify for 36 gold pieces
 48130 | Vaults:3 | Bought a scroll of recharging for 171 gold pieces
 48333 | Vaults:3 | Lost mutation: Your system is resistant to poisons. [potion of cure mutation]
 48557 | Vaults:3 | Found a staircase to the Crypt.
 48789 | Vaults:3 | Reached XP level 20. HP: 172/172 MP: 33/33
 50727 | Vaults:4 | Reached skill level 24 in Axes
 50832 | Vaults:4 | Reached skill level 15 in Fighting
 51511 | Elf:1    | Entered Level 1 of the Elven Halls
 51884 | Elf:1    | Found Orphiom's Book Shoppe.
 52985 | Elf:2    | Noticed Donald
 52997 | Elf:2    | Killed Donald
 53373 | Elf:3    | Entered Level 3 of the Elven Halls
 53925 | Elf:3    | Cast into the Abyss (deep elf sorcerer)
 54281 | Abyss:1  | Gained mutation: You are frail (-10% HP). [a neqoxec]
 54406 | Elf:3    | Escaped the Abyss
 54412 | Elf:3    | Reached XP level 21. HP: 170/170 MP: 32/33
 54890 | Elf:3    | Reached skill level 25 in Axes
 55198 | Elf:3    | Got a brightly glowing golden ring
 55259 | Elf:3    | Identified the ring "Fymusocs" {Int+1 Stlth++} (You took it off a deep elf sorcerer on level 3 of the Elven Halls)
 55288 | Elf:3    | Got a transparent golden ring
 55289 | Elf:3    | Identified the ring "Jiehohyw" {MR+ Dex+3 Slay+5} (You took it off a deep elf summoner on level 3 of the Elven Halls)
 55544 | Elf:3    | Identified the Collected Works on the Destructive Volcanoes (You found it on level 3 of the Elven Halls)
 55674 | Elf:3    | Got a warped chain mail
 55675 | Elf:3    | Identified the cursed -6 chain mail of Cowardice {Str+4 Int-2} (You found it on level 3 of the Elven Halls)
 55683 | Elf:3    | Identified Sif Muna's Tome of Translocation
 56841 | Crypt:1  | Entered Level 1 of the Crypt
 58198 | Crypt:2  | Noticed an ancient lich
 58199 | Crypt:2  | Noticed an ancient lich
 58570 | Vaults:2 | Bought an uncursed ring of positive energy for 380 gold pieces
 58763 | Crypt:2  | Reached skill level 26 in Axes
 58771 | Crypt:2  | Killed an ancient lich
 58895 | Crypt:2  | Killed an ancient lich
 58998 | Crypt:2  | Reached XP level 22. HP: 184/184 MP: 16/34
 59463 | Crypt:3  | Entered Level 3 of the Crypt
 60442 | Crypt:3  | Found an ancient bone altar of Kikubaaqudgha.
 60569 | Crypt:3  | Noticed an ancient lich
 60589 | Crypt:3  | Killed an ancient lich
 60592 | Crypt:3  | Noticed an ancient lich
 60599 | Crypt:3  | Killed an ancient lich
 60671 | Crypt:3  | Got a distressingly furry scale mail
 60672 | Crypt:3  | Identified the cursed +5 scale mail of Hedge Wizardry {Str+4 Int+4} (You found it on level 3 of the Crypt)
 61113 | Crypt:3  | Found a staircase to the Tomb.
 61792 | Depths:1 | Entered Level 1 of the Depths
 61842 | Depths:1 | Found a one-way gate leading to the halls of Pandemonium.
 61920 | Depths:1 | Found a one-way gate to the infinite horrors of the Abyss.
 62028 | Depths:1 | Reached skill level 15 in Crossbows
 62035 | Depths:1 | Paralysed by a giant eyeball for 4 turns
 62293 | Depths:1 | Reached XP level 23. HP: 173/198 MP: 34/34
 63469 | Depths:2 | Learned a level 3 spell: Abjuration
 63867 | Depths:2 | Identified a +1 rod of clouds (12/12) (You found it on level 2 of the Depths)
 65622 | Depths:4 | Reached XP level 24. HP: 150/211 MP: 26/35
 65732 | Depths:4 | Found a glowing golden altar of the Shining One.
 65817 | Depths:4 | Noticed Saint Roka
 65829 | Depths:4 | Killed Saint Roka
 66206 | Depths:4 | Paralysed by a sphinx for 3 turns
 66528 | Depths:4 | Found a gateway to a ziggurat.
 66955 | Depths:5 | Entered Level 5 of the Depths
 67565 | Depths:5 | Found a gate to the Realm of Zot.
 68013 | Depths:5 | Found Byfotamy's Gadget Shop.
 68145 | Depths:5 | Bought a lantern of shadows for 280 gold pieces
 69040 | Vaults:5 | Entered Level 5 of the Vaults
 69048 | Vaults:5 | Reached XP level 25. HP: 204/223 MP: 25/36
 69776 | Vaults:5 | Noticed an ancient lich
 70016 | Vaults:4 | Killed an ancient lich
 70228 | Vaults:5 | Noticed an ancient lich
 70245 | Vaults:5 | Killed an ancient lich
 70380 | Vaults:5 | Got a faintly glowing iron ring
 70397 | Vaults:5 | Got a steaming pewter ring
 70398 | Vaults:5 | Identified the ring "Ugiqaahy" {rF+ Int+3 Stlth+} (You took it off a deep elf high priest on level 5 of the Vaults)
 70400 | Vaults:5 | Identified the ring of Esameuhi {+Inv rN+} (You found it on level 5 of the Vaults)
 70415 | Vaults:5 | Got a sparkling jade ring
 70416 | Vaults:5 | Identified the ring "Shoss" {AC+2 Slay+4 Stlth+} (You found it on level 5 of the Vaults)
 71106 | Vaults:5 | Identified a +3 rod of inaccuracy (11/11) (You took it off an ironbrand convoker on level 5 of the Vaults)
 71440 | Vaults:5 | Learned a level 2 spell: Song of Slaying
 71444 | Vaults:5 | Learned a level 3 spell: Spectral Weapon
 71448 | Vaults:5 | Learned a level 3 spell: Regeneration
 71653 | Vaults:5 | Identified the Disquisition on Entrancing Necromancy
 71656 | Vaults:5 | Got a silver rune of Zot
 71760 | Vaults:5 | Learned a level 1 spell: Animate Skeleton
 71993 | D:14     | Upgraded the game from 0.16-a0-249-g5922f4d to 0.16-a0-253-g996e5b4
 72102 | Hell     | Entered the Vestibule of Hell
 72102 | Hell     | Noticed Geryon
 72118 | Hell     | Killed Geryon
 72119 | Hell     | HP: 9/229 [sun demon (16)]
 72119 | Hell     | HP: 1/229 [sun demon (8)]
 73018 | Hell     | Reached XP level 26. HP: 186/237 MP: 30/38
 73595 | D:13     | You showed the horn of Geryon to enter a treasure trove
 73596 | Trove    | Entered a treasure trove
 73684 | Trove    | Got a brightly glowing broad axe
 73685 | Trove    | Identified the +4 broad axe "Skaem" {pain, Str+2} (You found it in a treasure trove)
 74340 | Lair:8   | Killed an azure jelly
 74343 | Lair:8   | Killed an azure jelly
 74344 | Lair:8   | Killed an azure jelly
 74407 | Slime:1  | Entered Level 1 of the Pits of Slime
 74567 | Slime:2  | Reached skill level 27 in Fighting
 74916 | Slime:4  | Paralysed by a great orb of eyes for 4 turns
 75310 | Slime:6  | Entered Level 6 of the Pits of Slime
 75519 | Slime:6  | Noticed the royal jelly
 75535 | Slime:6  | Killed the royal jelly
 75656 | Slime:6  | Got a slimy rune of Zot
 75711 | Slime:6  | Got a heavily runed ivory ring
 76421 | Zot:1    | Entered Level 1 of the Realm of Zot
 76615 | Zot:1    | HP: 10/239 [storm dragon/bolt of lightning (34)]
 77841 | Zot:1    | Reached XP level 27. HP: 234/244 MP: 40/40
 78266 | Zot:1    | Got a twisted arbalest
 78267 | Zot:1    | Identified the cursed -1 arbalest of Shiry {penet, Dex-4} (You found it on level 1 of the Realm of Zot)
 79996 | Zot:3    | Reached skill level 15 in Evocations
 80664 | Elf:1    | Bought a manual of Dodging for 2097 gold pieces
 82316 | Zot:3    | Cast into the Abyss (the power of Zot)
 82409 | Zot:3    | Escaped the Abyss
 82986 | Zot:3    | Identified the ring of the Tarantula {rElec rPois rF- rN+ Str+3 Slay+3} (You found it on level 6 of the Pits of Slime)
 84173 | Zot:5    | Entered Level 5 of the Realm of Zot
 84889 | Zot:5    | Noticed an ancient lich
 84897 | Zot:5    | Killed an ancient lich
 84991 | Zot:5    | Noticed an orb of fire
 85016 | Zot:5    | Noticed an ancient lich
 85017 | Zot:5    | Noticed an orb of fire
 85017 | Zot:5    | Noticed an orb of fire
 85017 | Zot:5    | Noticed an orb of fire
 85021 | Zot:5    | Noticed an orb of fire
 85021 | Zot:5    | Mangled by an Orb Guardian

Action                   |  1- 3 |  4- 6 |  7- 9 | 10-12 | 13-15 | 16-18 | 19-21 | 22-24 | 25-27 || total
-------------------------+-------+-------+-------+-------+-------+-------+-------+-------+-------++-------
Melee: War axe           |    96 |   135 |   312 |   468 |       |       |       |       |       ||  1011
       Scimitar          |       |       |    22 |       |       |       |       |       |       ||    22
       Battleaxe         |       |       |       |   211 |  1096 |       |     6 |       |     9 ||  1322
       Executioner's axe |       |       |       |       |   242 |  1188 |  1300 |  1272 |  1131 ||  5133
 Fire: Blowgun           |       |       |    20 |    15 |       |       |       |       |       ||    35
       Hand crossbow     |       |       |       |     8 |   112 |       |       |       |       ||   120
       Arbalest          |       |       |       |       |    12 |    78 |    20 |    13 |    73 ||   196
       Triple crossbow   |       |       |       |       |       |       |       |       |   119 ||   119
Throw: Tomahawk          |       |       |    23 |     9 |       |       |       |       |       ||    32
       Throwing net      |       |       |     5 |     3 |     6 |       |       |       |       ||    14
Invok: Elemental Force   |       |       |       |       |     3 |     4 |       |     1 |     1 ||     9
       Upheaval          |       |       |       |       |     8 |    20 |    17 |    25 |    16 ||    86
       Disaster Area     |       |       |       |       |     1 |     1 |       |     1 |     3 ||     6
 Abil: Evoke Flight      |       |       |       |       |     1 |       |       |       |       ||     1
       Evoke Teleport Co |       |       |       |       |       |       |     1 |       |     6 ||     7
       Evoke Blink       |       |       |       |       |       |       |       |     1 |     2 ||     3
Evoke: Wand              |       |       |     2 |    10 |     9 |    13 |     4 |     8 |    21 ||    67
       Stone of tremors  |       |       |       |       |     1 |       |       |       |       ||     1
       Sack of spiders   |       |       |       |       |     1 |       |       |       |       ||     1
       Fan of gales      |       |       |       |       |       |     1 |       |       |     2 ||     3
       Rod               |       |       |       |       |       |       |     8 |     7 |    33 ||    48
  Use: Scroll            |     4 |     6 |     8 |    10 |    22 |    17 |    28 |    11 |    33 ||   139
       Potion            |     1 |       |     9 |     4 |       |    17 |     2 |     3 |    14 ||    50
 Stab: Confused          |       |       |     1 |       |     1 |       |       |       |       ||     2
       Held in net/web   |       |       |     2 |       |       |     1 |       |       |       ||     3
       Invisible         |       |       |       |     5 |       |       |       |       |       ||     5
       Fleeing           |       |       |       |     1 |       |       |       |       |       ||     1
       Distracted        |       |       |       |     1 |       |     1 |     2 |       |     1 ||     5
  Eat: Chunk             |       |     4 |    16 |    28 |    46 |    62 |    34 |    12 |    22 ||   224
       Beef jerky        |       |     1 |       |     2 |       |     2 |     2 |     2 |     3 ||    12
       Pizza             |       |       |     1 |     1 |       |     2 |       |     3 |     2 ||     9
       Fruit             |       |       |       |     4 |     2 |     3 |    13 |     6 |     4 ||    32
       Meat ration       |       |       |       |       |       |       |       |     2 |     3 ||     5
       Royal jelly       |       |       |       |       |       |       |       |       |     2 ||     2
